 Seeded DCSS version 0.28-a0-983-g1de4e0787c (webtiles) character file.

Game seed: 12899211509202430853 (custom seed)

706 pancakes the Magician (level 7, 51/51 HPs)
             Began as a Gnoll Hedge Wizard on Dec 2, 2021.
             Was a Follower of the Shining One.
             Quit the game on level 4 of the Dungeon.
             The game lasted 00:21:16 (4328 turns).

pancakes the Magician (Gnoll Hedge Wizard)          Turns: 4328, Time: 00:21:16

Health: 51/51      AC:  2    Str:  9    XL:     7   Next: 67%
Magic:  18/18      EV: 13    Int: 15    God:    the Shining One [*.....]
Gold:   228        SH:  0    Dex: 12    Spells: 9/21 levels left

rFire   . . .      SeeInvis .   j - +0 hand axe
rCold   . . .      Faith    .   (no shield)
rNeg    . . .      Spirit   .   b - +0 robe
rPois   .          Reflect  .   c - +0 hat
rElec   .          Harm     .   (no cloak)
rCorr   .          Rampage  .   (no gloves)
Will    .....                   (no boots)
Stlth   +.........              (no amulet)
HPRegen 0.17/turn               (no ring)
MPRegen 0.16/turn               (no ring)

@: glowing
A: fangs 1, strong nose, distributed training
a: Renounce Religion, Divine Shield


You were on level 4 of the Dungeon.
You worshipped the Shining One.
The Shining One was aware of your devotion.
You visited 1 branch of the dungeon, and saw 4 of its levels.

You collected 228 gold pieces.

Inventory:

Hand Weapons
 a - a +0 dagger
 j - a +0 hand axe (weapon)
 o - a +0 hunting sling
 p - a +1 vampiric scythe
 t - a +0 war axe
Missiles
 e - 2 boomerangs
 g - 43 sling bullets
 k - 20 bolts
 r - 15 poisoned darts (quivered)
Armour
 b - a +0 robe (worn)
 c - a +0 hat (worn)
Scrolls
 d - 2 scrolls of enchant weapon {unknown}
 i - 3 scrolls of identify {unknown}
 m - 2 scrolls of fog {unknown}
 n - a scroll of fear {unknown}
 q - a scroll of noise {unknown}
Potions
 f - 2 potions of brilliance {unknown}
 h - a potion of berserk rage {unknown}
 l - 2 potions of flight {unknown}
 s - a potion of resistance {unknown}


   Skills:
 + Level 2.6 Fighting
 + Level 2.6 Short Blades
 + Level 2.6 Long Blades
 + Level 2.6 Axes
 + Level 2.6 Maces & Flails
 + Level 2.6 Polearms
 + Level 2.6 Staves
 + Level 2.6 Slings
 + Level 2.6 Bows
 + Level 2.6 Crossbows
 + Level 2.6 Throwing
 + Level 2.6 Armour
 + Level 5.3 Dodging
 + Level 5.0 Stealth
 + Level 2.6 Shields
 + Level 2.6 Unarmed Combat
 + Level 7.6 Spellcasting
 + Level 3.1 Conjurations
 + Level 2.1 Hexes
 + Level 3.1 Summonings
 + Level 2.1 Necromancy
 + Level 3.1 Translocations
 + Level 2.1 Transmutations
 + Level 2.1 Fire Magic
 + Level 2.1 Ice Magic
 + Level 2.1 Air Magic
 + Level 2.1 Earth Magic
 + Level 2.1 Poison Magic
 + Level 2.9 Invocations
 + Level 2.6 Evocations


You had 9 spell levels left.
You knew the following spells:

 Your Spells              Type           Power      Damage    Failure   Level
b - Blink                 Tloc           30%        N/A       5%          2
d - Mephitic Cloud        Conj/Pois/Air  13%        N/A       14%         3
e - Conjure Flame         Conj/Fire      13%        6-21      13%         3
s - Magic Dart            Conj           60%        1d6       3%          1
z - Frozen Ramparts       Ice            24%        1d4       16%         3

Your spell library contained the following spells:

 Spells                   Type           Power      Damage    Failure   Level
 Slow                     Hex            48%        N/A       4%          1
 Call Imp                 Summ           15%        N/A       5%          2
 Summon Ice Beast         Ice/Summ       13%        N/A       38%         4
 Ice Form                 Ice/Tmut       12%        N/A       45%         4


Dungeon Overview and Level Annotations

Branches:
Dungeon (4/15)
 Temple: D:4-7

Altars:
Hepliaklqana
The Shining One


Innate Abilities, Weirdness & Mutations

You have very sharp teeth.
Your uncanny sense of smell can sniff out nearby items.
Your experience applies equally to all skills.


Message History

The hobgoblin is almost dead.
You hit the hobgoblin.
You kill the hobgoblin!
Things that are here:
a +0 long sword; a hobgoblin corpse You now have 228 gold pieces (gained 11).
Things that are here:
a +0 war axe; a hobgoblin corpse
t - a +0 war axe You see here an adder corpse.
You see here a +0 dagger.
Magic restored.
A quokka is nearby!
Casting: Magic Dart (safe; 3% risk of failure)
Confirm with . or Enter, or press ? or * to list all spells.
Aiming: Magic Dart (safe; 3% risk of failure)
Press: ? - help, Shift-Dir - straight line, f - quokka
Aim: a quokka (wandering, hasn't noticed you, 100% to hit)
The magic dart hits the quokka.
The quokka is heavily wounded.
Casting: Magic Dart (safe; 3% risk of failure)
Confirm with . or Enter, or press ? or * to list all spells.
Aiming: Magic Dart (safe; 3% risk of failure)
Press: ? - help, Shift-Dir - straight line, f/p - quokka
Aim: a quokka (heavily wounded, 100% to hit)
The magic dart hits the quokka.
The quokka is almost dead.
Casting: Magic Dart (safe; 3% risk of failure)
Confirm with . or Enter, or press ? or * to list all spells.
Aiming: Magic Dart (safe; 3% risk of failure)
Press: ? - help, Shift-Dir - straight line, f/p - quokka
Aim: a quokka (almost dead, 100% to hit)
The magic dart hits the quokka.
You kill the quokka!
You see here a quokka corpse.
There is a stone staircase leading down here.
A sudden malevolence fills the Dungeon...
You see here a +0 robe.
Done exploring.
Are you sure you want to abandon this character and quit the game? (Confirm with "yes".)

#..#.....####
######...#..###
#........#..#####
#...............####
#>.......######....####
#...........# ####.....
#.......###.## ######
#.......###..#
#.....@....#.#
######.###...## ### #.#
###..## #.. #.#
#)..######.# #.#
###........# #.#
#####..)..### ###
#......#....#
#.....[#.##..
#......#.....


There were no monsters in sight!

Vanquished Creatures
  Sigmund (D:4)
  2 ogres
  A bullfrog (D:4)
  A scorpion (D:4)
  A hound (D:4)
  2 iguanas (D:4)
  2 orc wizards (D:3)
  3 adders
  An ufetubus (D:4)
  An adder skeleton (D:4)
  A worm (D:2)
  3 dart slugs
  An orc (D:3)
  6 ball pythons
  4 endoplasms
  2 giant cockroaches
  5 goblins
  13 hobgoblins
  7 kobolds
  5 quokkas
  5 bats
  2 frilled lizards
  6 rats
75 creatures vanquished.

Notes
Turn   | Place    | Note
-------+----------+-------------------------------------------
     0 | D:1      | pancakes the Gnoll Hedge Wizard began the quest for the
                  | Orb.
     0 | D:1      | Reached XP level 1. HP: 13/13 MP: 8/8
   161 | D:1      | Reached XP level 2. HP: 18/19 MP: 0/10
   625 | D:1      | Reached XP level 3. HP: 25/25 MP: 7/11
   768 | D:1      | Found a faded altar of an unknown god.
   779 | D:1      | Prayed at the altar of an unknown god.
   779 | D:1      | Became a worshipper of the Shining One
   779 | D:1      | Reached * piety under the Shining One
  1034 | D:2      | Found a hazy altar of Hepliaklqana.
  1276 | D:2      | Reached skill level 1 in Invocations
  1902 | D:3      | Reached skill level 1 in Fighting
  1902 | D:3      | Reached skill level 1 in Short Blades
  1902 | D:3      | Reached skill level 1 in Long Blades
  1902 | D:3      | Reached skill level 1 in Axes
  1902 | D:3      | Reached skill level 1 in Maces & Flails
  1902 | D:3      | Reached skill level 1 in Polearms
  1902 | D:3      | Reached skill level 1 in Staves
  1902 | D:3      | Reached skill level 1 in Slings
  1902 | D:3      | Reached skill level 1 in Bows
  1902 | D:3      | Reached skill level 1 in Crossbows
  1902 | D:3      | Reached skill level 1 in Throwing
  1902 | D:3      | Reached skill level 1 in Armour
  1902 | D:3      | Reached skill level 1 in Shields
  1902 | D:3      | Reached skill level 1 in Unarmed Combat
  1902 | D:3      | Reached skill level 1 in Evocations
  1902 | D:3      | Reached XP level 4. HP: 32/32 MP: 9/13
  2212 | D:3      | Reached skill level 1 in Hexes
  2212 | D:3      | Reached skill level 1 in Necromancy
  2212 | D:3      | Reached skill level 1 in Transmutations
  2212 | D:3      | Reached skill level 1 in Fire Magic
  2212 | D:3      | Reached skill level 1 in Ice Magic
  2212 | D:3      | Reached skill level 1 in Air Magic
  2212 | D:3      | Reached skill level 1 in Earth Magic
  2212 | D:3      | Reached skill level 1 in Poison Magic
  2536 | D:3      | Reached XP level 5. HP: 37/37 MP: 8/14
  3017 | D:3      | Found a hazy altar of Hepliaklqana.
  3077 | D:4      | Noticed an ogre
  3289 | D:2      | Learned a level 3 spell: Mephitic Cloud
  3293 | D:2      | Learned a level 3 spell: Conjure Flame
  3296 | D:2      | Learned a level 2 spell: Blink
  3300 | D:2      | Learned a level 3 spell: Frozen Ramparts
  3349 | D:3      | Killed an ogre
  3397 | D:4      | Noticed Sigmund
  3406 | D:4      | Noticed an ogre
  3412 | D:4      | Killed Sigmund
  3413 | D:4      | Reached skill level 5 in Dodging
  3413 | D:4      | Reached XP level 6. HP: 44/44 MP: 10/16
  3442 | D:4      | Reached XP level 7. HP: 42/50 MP: 3/18
  3803 | D:4      | Reached skill level 5 in Stealth
  4328 | D:4      | Quit the game

Illustrated notes

Levels and vault maps discovered:
D:1:      dpeg_arrival_tiny_a, layout_rooms, chequers_ecumenical_altar_island
D:2:      layout_rooms, basic_altar
D:3:      layout_rooms, mainiacjoe_overflow_brackets, serial_curves,
          eino_curves_01, eino_curves_03, chequers_serial_rivers_small_b
D:4:      layout_rooms, uniq_sigmund

Skill      XL: |  1  2  3  4  5  6  7 |
---------------+----------------------+-----
Conjurations   | 2 3 |  3.1
Summonings     | 2 3 |  3.1
Translocations | 2 3 |  3.1
Invocations    | 1 2 |  2.9
Fighting       | 1 2 |  2.6
Short Blades   | 1 2 |  2.6
Long Blades    | 1 2 |  2.6
Axes           | 1 2 |  2.6
Maces & Flails | 1 2 |  2.6
Polearms       | 1 2 |  2.6
Staves         | 1 2 |  2.6
Slings         | 1 2 |  2.6
Bows           | 1 2 |  2.6
Crossbows      | 1 2 |  2.6
Throwing       | 1 2 |  2.6
Armour         | 1 2 |  2.6
Shields        | 1 2 |  2.6
Unarmed Combat | 1 2 |  2.6
Evocations     | 1 2 |  2.6
Hexes          | 1 2 |  2.1
Necromancy     | 1 2 |  2.1
Transmutations | 1 2 |  2.1
Fire Magic     | 1 2 |  2.1
Ice Magic      | 1 2 |  2.1
Air Magic      | 1 2 |  2.1
Earth Magic    | 1 2 |  2.1
Poison Magic   | 1 2 |  2.1
Dodging        | 5 |  5.3
Stealth        | 5 |  5.0
Spellcasting   | |  7.6

Action                   |  1- 3 |  4- 6 |  7- 9 || total
-------------------------+-------+-------+-------++-------
Melee: Dagger            |    28 |    43 |       ||    71
       Bite              |     3 |     2 |       ||     5
       Hand axe          |       |     9 |    22 ||    31
Throw: Boomerang         |     2 |     4 |     4 ||    10
 Cast: Magic Dart        |    88 |    65 |    21 ||   174
       Mephitic Cloud    |       |     5 |     5 ||    10
Armor: Robe              |     8 |     7 |     2 ||    17
Dodge: Dodged            |    28 |    37 |    20 ||    85

Table legend: (Time is in decaauts)
 A = Elapsed time spent in this place.
 B = Non-inter-level travel time spent in this place.
 C = Inter-level travel time spent in this place.
 D = Time resting spent in this place.
 E = Time spent auto-exploring this place.
 F = Levels seen in this place.
 G = Mean time per level.
                   A        B        C        D        E       F      G
               +--------+--------+--------+--------+--------+-----+--------+
         Total |   4344 |   4173 |    171 |    290 |   2952 |   4 | 1086.0 |
       Dungeon |   4344 |   4173 |    171 |    290 |   2952 |   4 | 1086.0 |
               +--------+--------+--------+--------+--------+-----+--------+

Top non-repeatable levels by time:
     D:3: 1424 daAuts
     D:1: 1009 daAuts
     D:4: 975 daAuts
     D:2: 935 daAuts
